AoeStats
← theclaydude

Nomad

509780165Analyzed
4v4 RM · 4d ago on Sep 28, 2026· 42m 17s· 8 players
Game mode
Random Map
Map size
231×231
Population
200
Speed
Normal
Resources
Standard
Victory
Conquest
Starting age
Dark Age
Ending age
Imperial Age
RankedLock teamsTeams togetherTeam positionsShared explorationLock speedFull tech treeHidden civsTurbo modeCheats
Victory
Defeat
🇺🇸 Burgundians · United States
1150
+13
🇨🇦 Dravidians · Canada
1104
+15
🇺🇸 Vikings · United States
1076
+16
🇨🇴 Portuguese · Colombia
1052
+18
🇦🇷 Berbers · Argentina
1114
-16
🇩🇪 Danes · Germany
1111
-17
🇫🇷 Mongols · France
1078
-15
🇻🇳 Japanese · Vietnam
1045
-14
AMC_Stubs
10:49 Loom
13:27 Feudal Age
13:05 Double-Bit Axe
17:08 Bow Saw
20:13 Town Watch
21:03 Wheelbarrow
21:09 Fletching
24:48 Castle Age
25:30 Scale Mail Armor
25:41 Forging
25:58 Pikeman
26:39 Squires
26:52 Scale Barding Armor
29:32 Gold Mining
29:57 Fishing Lines
32:13 Gillnets
34:25 Arson
35:53 Iron Casting
43:02 Imperial Age
41:13 Hand Cart
42:54 Chain Barding Armor
theclaydude
12:52 Loom
15:31 Feudal Age
15:32 Man-at-Arms
16:41 Arson
19:11 Scale Mail Armor
21:22 Double-Bit Axe
26:17 Castle Age
25:00 Forging
25:19 Fletching
26:21 Pikeman
27:24 Squires
28:22 Crossbowman
30:59 Gold Mining
40:08 Medium Warships
TheWarrior
4:05 Loom
14:24 Feudal Age
22:45 Castle Age
24:52 Wheelbarrow
25:02 Town Watch
27:43 Fishing Lines
30:37 Gillnets
32:36 Hand Cart
32:57 Fletching
37:23 Imperial Age
35:48 Town Patrol
35:43 Gold Mining
35:43 Double-Bit Axe
36:08 Treadmill Crane
37:17 Bodkin Arrow
37:24 Padded Archer Armor
42:45 Bow Saw
PlayerNbrOne
4:44 Loom
12:41 Feudal Age
17:48 Castle Age
16:27 Double-Bit Axe
16:54 Fishing Lines
18:32 Stone Mining
19:15 Bow Saw
20:24 Wheelbarrow
25:40 Fletching
25:51 Padded Archer Armor
29:26 Gold Mining
30:26 Horse Collar
32:49 Bodkin Arrow
33:10 Leather Archer Armor
32:56 Scale Mail Armor
33:12 Forging
33:09 Scale Barding Armor
35:21 Hand Cart
37:47 Imperial Age
35:48 Bodkin Arrow
36:43 Husbandry
37:58 Leather Archer Armor
38:08 Thumb Ring
39:13 Medical Corps
39:50 Ballistics
Nomad
11:46 Loom
15:25 Feudal Age
16:19 Man-at-Arms
29:32 Horse Collar
39:00 Double-Bit Axe
Lord Maysi
13:53 Feudal Age
20:32 Castle Age
18:23 Double-Bit Axe
21:55 Scale Barding Armor
22:51 Gold Mining
23:35 Bloodlines
27:32 Forging
29:58 Wheelbarrow
29:24 Horse Collar
29:57 Loom
32:23 Chain Barding Armor
33:58 Husbandry
37:02 Iron Casting
41:48 Imperial Age
39:48 Fletching
Công An Xã
3:31 Loom
18:24 Feudal Age
18:56 Fishing Lines
25:22 Castle Age
25:10 Fletching
25:34 Crossbowman
26:15 Bodkin Arrow
26:31 Forging
27:53 Gillnets
35:32 Imperial Age
36:31 Capped Ram
37:28 Thumb Ring
37:27 Bracer
38:03 Iron Casting
38:09 Medium Warships
elromanus
5:23 Loom
12:40 Feudal Age
14:33 Fishing Lines
17:16 Castle Age
15:41 Stone Mining
26:28 Gold Mining
26:38 Double-Bit Axe
27:55 Bow Saw
31:23 Gold Shaft Mining
30:58 Fletching
31:08 Padded Archer Armor
32:19 Bodkin Arrow
32:53 Fishing Lines
36:21 Leather Archer Armor
37:05 Wheelbarrow
39:51 Bloodlines
39:41 Husbandry
Connection lost

Rejoining the realm…

Still unreachable

The connection could not be restored.

Session expired

The server has moved on; the page needs a fresh start.